AoeStats
← Player

Arabia

510325405Analyzed
4v4 RM · 8h ago on Sep 30, 2026· 24m 59s· 8 players
Game mode
Random Map
Map size
Large (8 player)
Population
200
Speed
Normal
Resources
Standard
Victory
Conquest
Starting age
Dark Age
Ending age
Imperial Age
RankedLock teamsTeams togetherTeam positionsShared explorationLock speedFull tech treeHidden civsTurbo modeCheats
Victory
Defeat
🇹🇼 Persians · Taiwan
1234
+13
🇹🇼 Japanese · Taiwan
1201
+14
🇹🇼 Lithuanians · Taiwan
1199
+15
🇹🇼 Ethiopians · Taiwan
1161
+16
🇧🇪 Magyars · Belgium
1213
-16
🇪🇸 Mongols · Spain
1160
-14
🇨🇳 Malay · China
1154
-14
🇵🇱 Mapuche · Poland
1148
-14
TAG_MING
5:38 Loom
8:32 Feudal Age
10:25 Double-Bit Axe
15:28 Fletching
15:39 Padded Archer Armor
20:31 Wheelbarrow
23:11 Castle Age
22:31 Horse Collar
22:42 Gold Mining
23:24 Crossbowman
24:09 Thumb Ring
24:35 Bodkin Arrow
25:22 Bow Saw
25:35 Leather Archer Armor
slryze4264
7:18 Loom
9:48 Feudal Age
10:20 Double-Bit Axe
9:58 Man-at-Arms
11:22 Arson
18:34 Scale Mail Armor
18:20 Double-Bit Axe
19:28 Horse Collar
21:27 Wheelbarrow
24:48 Castle Age
匹皮姆貓
6:17 Loom
8:49 Feudal Age
9:18 Double-Bit Axe
11:48 Horse Collar
21:00 Castle Age
20:08 Scale Barding Armor
22:03 Chain Barding Armor
23:19 Bloodlines
23:47 Forging
TAG_VA
6:21 Loom
9:11 Feudal Age
10:05 Double-Bit Axe
12:53 Bloodlines
12:39 Horse Collar
17:33 Scale Barding Armor
18:57 Forging
22:53 Castle Age
23:42 Husbandry
25:42 Chain Barding Armor
25:58 Iron Casting
laofengzi
7:16 Loom
9:34 Feudal Age
16:12 Fletching
17:18 Padded Archer Armor
17:33 Town Watch
20:40 Wheelbarrow
23:48 Castle Age
23:42 Double-Bit Axe
24:02 Bodkin Arrow
n13s
8:59 Loom
10:45 Feudal Age
19:44 Double-Bit Axe
Player
10:38 Feudal Age
10:40 Loom
11:20 Double-Bit Axe
11:18 Horse Collar
15:31 Castle Age
15:42 Fletching
17:45 Bow Saw
22:51 Elite Skirmisher
23:33 Heavy Plow
24:27 Wheelbarrow
sabin_schy
12:36 Feudal Age
12:50 Loom
13:12 Horse Collar
13:19 Double-Bit Axe
15:05 Scale Barding Armor
15:15 Bloodlines
16:34 Wheelbarrow
24:46 Castle Age
Connection lost

Rejoining the realm…

Still unreachable

The connection could not be restored.

Session expired

The server has moved on; the page needs a fresh start.